 Dungeon Crawl Stone Soup version 0.20-a0-1025-g4706f7e (webtiles) character file.

92098 JeffiDaFish the Peltast (level 16, -4/106 HPs)
             Began as a Gargoyle Fighter on Apr 19, 2017.
             Was the Champion of Okawaru.
             Killed by divine providence
             ... invoked by a smoke demon
             ... summoned by an orc sorcerer
              (14 damage)
             ... on level 2 of the Orcish Mines.
             The game lasted 00:53:17 (23077 turns).

JeffiDaFish the Peltast (Gargoyle Fighter)         Turns: 23077, Time: 00:53:18

Health: -4/106     AC: 49    Str: 29    XL:     16   Next: 5%
Magic:  16/16      EV:  7    Int:  7    God:    Okawaru [******]
Gold:   1992       SH: 15    Dex: 15    Spells: 15/15 levels left

rFire    . . .     SeeInvis +   K - +5 demon whip (elec)
rCold    + . .     Gourm    .   c - +0 shield
rNeg     + . .     Faith    .   x - +1 crystal plate armour of the Wasteland {Str+4 Dex+3}
rPois    ∞         Spirit   .   e - +2 helmet
rElec    +         Reflect  .   D - +2 cloak {MR+}
rCorr    .         Harm     .   G - +2 pair of gloves {Str+3}
MR       ++...                  d - +2 pair of boots
Stlth    ..........             s - amulet of rage
Regen    0.3/turn               B - ring of protection from cold
MPRegen  0.2/turn               H - ring of see invisible

@: flying, drained
A: big wings, thin metallic scales 1, blurry vision 1, clumsy 1, dopey 1,
negative energy resistance 1, electricity resistance, unbreathing, petrification
resistance, rot immunity, AC +11
a: Stop Flying, Heroism, Finesse, Renounce Religion, Evoke Berserk Rage


You were on level 2 of the Orcish Mines.
You worshipped Okawaru.
Okawaru was exalted by your worship.
You were not hungry.

You visited 4 branches of the dungeon, and saw 24 of its levels.

You collected 2186 gold pieces.
You spent 194 gold pieces at shops.

Inventory:

Hand Weapons
 K - a +5 demon whip of electrocution (weapon)
Armour
 c - a +0 shield (worn)
 d - a +2 pair of boots (worn)
 e - a +2 helmet (worn)
 x - the +1 crystal plate armour of the Wasteland (worn) {Str+4 Dex+3}
   (Okawaru gifted it to you on level 14 of the Dungeon)

   It affects your strength (+4).
   It affects your dexterity (+3).
 D - a +2 cloak of magic resistance (worn)
 G - a +2 pair of gloves of strength (worn)
Jewellery
 s - an amulet of rage (around neck)
 B - a ring of protection from cold (left hand)
 H - a ring of see invisible (right hand)
Wands
 r - a wand of lightning (9/15)
Scrolls
 a - 5 scrolls of blinking
 h - 6 scrolls of amnesia
 k - 17 scrolls of remove curse
 l - 4 scrolls of identify
 o - 10 scrolls of teleportation
 v - a scroll of magic mapping
 w - 3 scrolls of fog
 F - 4 scrolls of recharging
 I - a scroll of fear
Potions
 b - 2 potions of heal wounds
 n - 2 potions of might
 p - a potion of agility
 q - 9 potions of curing
 u - 3 potions of brilliance
 z - a potion of ambrosia
 E - 2 potions of haste
Books
 i - a book of Spatial Translocations

   Spells                             Type                      Level
   a - Blink                          Translocation                2
   b - Shroud of Golubria             Charms/Translocation         2
   c - Lesser Beckoning               Translocation                3
   d - Gell's Gravitas                Translocation                3
   e - Teleport Other                 Translocation                3
   f - Passage of Golubria            Translocation                4
 A - a book of Air

   Spells                             Type                      Level
   a - Shock                          Conjuration/Air              1
   b - Swiftness                      Charms/Air                   2
   c - Static Discharge               Conjuration/Air              3
   d - Airstrike                      Air                          4
   e - Lightning Bolt                 Conjuration/Air              5
Comestibles
 f - 8 bread rations
 g - 11 meat rations
 j - 14 chunks of flesh
 m - 23 royal jellies
 t - 10 fruits


   Skills:
 + Level 14.1(13.4) Fighting
   Level 0.1(0.0) Short Blades
 + Level 15.7(14.9) Maces & Flails
 + Level 12.1(11.4) Armour
 + Level 3.6(3.0) Dodging
 + Level 2.9(2.4) Stealth
 + Level 16.0(15.3) Shields


You had 15 spell levels left.
You didn't know any spells.

Dungeon Overview and Level Annotations

Branches:
Dungeon (15/15)            Temple (1/1) D:4            Lair (6/6) D:10
 Shoals (0/4) Lair:2       Spider (0/4) Lair:3        Slime (0/5) Lair:5
    Orc (2/2) D:9             Elf (0/3) Orc:2        Vaults (0/5) D:13
 Depths (0/5) D:15

Altars:
Ashenzari
Cheibriados
Dithmenos
Fedhas
Gozag
Hepliaklqana
Nemelex Xobeh
Okawaru
Ru
Sif Muna
Trog
Uskayaw
Vehumet
Wu Jian
Xom
Yredelemnul
Zin
The Shining One

Shops:
D:9 *:?!   Orc:2 [


Innate Abilities, Weirdness & Mutations

You are resistant to torment.
Your stone body is resilient. (AC +11)
You are immune to poison.
Your large and strong wings let you fly indefinitely.
You resist negative energy. (rN+)
You are resistant to electric shocks. (rElec)
You can survive without breathing.
You are immune to petrification.
You are immune to rotting.
You are partially covered in thin metallic scales. (AC +2)
Scrolls take you a little longer to read.
You are clumsy. (Dex -2)
You are dopey. (Int -2)


Message History

Lightning courses through the orc high priest!
You kill the orc high priest!
Okawaru accepts your kill.
The sun demon disappears in a puff of smoke!
The orc sorcerer points at you and mumbles some strange words.
The bolt of negative energy hits you! You partially resist.
You feel drained.
* * * LOW HITPOINT WARNING * * *
Things that are here:
a trident; a leather armour You closely miss the orc sorcerer.
The orc warrior no longer looks unusually strong.
The orc sorcerer casts a spell at you. The bolt of negative energy hits you!
You partially resist.
You feel drained.
* * * LOW HITPOINT WARNING * * *
You whack the orc sorcerer!
Lightning courses through the orc sorcerer!
The orc sorcerer is almost dead.
The smoke demon gestures at you. Something smites you!
You die...

# ##..##§§...# .#..
#..## .o....# ..# ##.##
.##o#.∩ .## #..# ## # .
## #)## ###### #.# .
##.#.## ####.# ...
......# ##.##)#####3....
...#.####...))..@o4o....
.....###...##.#####o....
.......#..###.# ...
..##.......##.# .
.####......##.# ..
##.....##.. .#
###...###. .# ....# .
....#


You could see an orc knight, a rust devil, a smoke demon, an orc sorcerer and an
orc warrior.

Vanquished Creatures
  Agnes (D:14)
  Nessos (Lair:6)
  Azrael (D:12)
  A yaktaur captain (D:15)
  A rakshasa (D:15)
  Harold (Lair:2)
  4 hydras
  A catoblepas (Lair:6)
  The ghost of Jarlath the Gelid, a journeyman DEIE of Vehumet (Lair:5)
  6 two-headed ogres
  2 dancing weapons (D:13)
  A centaur warrior (D:15)
  Erica (D:9)
  An ogre mage (D:14)
  6 death yaks (Lair:3)
  4 orc high priests
  Urug (D:11)
  An unseen horror (D:15)
  A harpy (shapeshifter) (D:14)
  2 deep elf magi
  3 manticores
  2 orc knights (Orc:2)
  5 ugly things
  4 orc sorcerers
  A wolf spider (Lair:6)
  A cyclops (D:12)
  7 elephants
  Joseph (D:7)
  A merfolk siren (Lair:2)
  A guardian serpent (Lair:6)
  3 black mambas
  12 spiny frogs
  The ghost of tony the Destroyer, a novice DECj of Sif Muna (D:6)
  A freezing wraith (D:15)
  2 efreet (D:14)
  5 yaktaurs (D:15)
  2 kobold demonologists
  5 rime drakes
  7 komodo dragons
  A merfolk (D:14)
  7 trolls
  3 meliai (D:15)
  10 polar bears
  26 blink frogs
  4 hornets
  2 raiju (Lair:6)
  6 hippogriffs
  A spriggan (D:14)
  Sigmund (D:6)
  5 redbacks (Lair:6)
  55 yaks
  A water elemental (D:15)
  A wraith (D:11)
  17 wyverns
  5 fire elementals (D:12)
  2 hungry ghosts
  4 basilisks
  7 vampire mosquitoes
  Menkaure (D:6)
  10 wargs
  Duvessa (D:5)
  16 hell hounds
  20 water moccasins
  A porcupine (shapeshifter) (D:15)
  9 porcupines
  2 ice beasts
  12 black bears
  2 phantoms
  13 orc warriors
  6 sky beasts
  5 centaurs
  12 boggarts
  A necrophage (D:10)
  8 ogres
  35 wolves
  19 crocodiles
  3 big kobolds
  A bullfrog (shapeshifter) (D:14)
  11 bullfrogs
  Dowan (D:5)
  2 water moccasin zombies
  A wyvern skeleton (D:11)
  8 scorpions
  A water moccasin skeleton (D:12)
  10 killer bees
  12 wights
  5 howler monkeys
  An electric eel (Lair:1)
  7 crimson imps
  A bullfrog zombie (D:5)
  2 centaur zombies
  7 hounds
  16 jellies
  15 orc priests
  14 orc wizards
  A bullfrog skeleton (D:9)
  5 centaur skeletons
  An iguana (D:11)
  5 worker ants
  2 hound skeletons
  A howler monkey zombie (D:7)
  A worker ant zombie (D:10)
  13 adders
  10 gnolls (D:6)
  4 shadow imps
  3 oozes
  An adder zombie (D:1)
  An adder skeleton (D:8)
  3 worms
  A dart slug (D:1)
  8 leopard geckos
  72 orcs
  A bat zombie (D:1)
  8 giant cockroaches
  13 goblins
  16 hobgoblins
  3 jackals (D:9)
  7 quokkas
  11 bats
  10 frilled lizards
  A jackal zombie (D:6)
  22 kobolds
  A leopard gecko zombie (D:9)
  A quokka zombie (D:7)
  6 rats
  2 fungi (D:3)
  A plant (D:10)
786 creatures vanquished.

Vanquished Creatures (others)
  19 fungi
  31 plants
50 creatures vanquished.

Grand Total: 836 creatures vanquished

Notes
Turn   | Place    | Note
-------+----------+-------------------------------------------
     0 | D:1      | JeffiDaFish the Gargoyle Fighter began the quest for the Orb.
     0 | D:1      | Reached XP level 1. HP: 14/14 MP: 1/1
   100 | D:1      | Reached XP level 2. HP: 17/19 MP: 2/2
   362 | D:1      | Reached XP level 3. HP: 21/23 MP: 3/3
  1014 | D:2      | Reached XP level 4. HP: 27/28 MP: 4/4
  1155 | D:2      | Reached skill level 4 in Shields
  2248 | D:3      | Reached XP level 5. HP: 32/32 MP: 5/5
  2530 | D:4      | Reached skill level 1 in Dodging
  2938 | D:4      | Reached XP level 6. HP: 34/38 MP: 6/6
  3078 | D:4      | Found a staircase to the Ecumenical Temple.
  3083 | Temple   | Entered the Ecumenical Temple
  3112 | Temple   | Became a worshipper of Warmaster Okawaru
  3206 | D:5      | Entered Level 5 of the Dungeon
  3210 | D:5      | Reached skill level 5 in Maces & Flails
  3592 | D:5      | Reached * piety under Okawaru
  3592 | D:5      | Reached XP level 7. HP: 25/43 MP: 7/7
  3807 | D:5      | Reached skill level 5 in Shields
  3827 | D:5      | Noticed Duvessa
  3827 | D:5      | Noticed Dowan
  3834 | D:5      | Killed Duvessa
  3842 | D:5      | Killed Dowan
  4096 | D:5      | Reached ** piety under Okawaru
  4096 | D:5      | Reached XP level 8. HP: 48/48 MP: 8/8
  4971 | D:6      | Reached skill level 5 in Fighting
  4971 | D:6      | Reached skill level 5 in Armour
  5125 | D:6      | Noticed tony's ghost (novice DECj)
  5137 | D:6      | Killed tony's ghost
  5198 | D:6      | Reached skill level 6 in Shields
  5230 | D:6      | Noticed Menkaure
  5238 | D:6      | Killed Menkaure
  5341 | D:6      | Reached skill level 1 in Stealth
  5342 | D:6      | Reached XP level 9. HP: 45/54 MP: 9/9
  5499 | D:6      | Noticed Sigmund
  5533 | D:6      | Killed Sigmund
  5892 | D:7      | Found a deep blue altar of Sif Muna.
  5934 | D:7      | Found a shadowy altar of Dithmenos.
  5934 | D:7      | Found a shimmering altar of Xom.
  5937 | D:7      | Found a basalt altar of Yredelemnul.
  6125 | D:7      | Reached *** piety under Okawaru
  6250 | D:7      | Noticed Joseph
  6271 | D:7      | Killed Joseph
  6271 | D:7      | Reached skill level 7 in Shields
  6489 | D:7      | Reached **** piety under Okawaru
  6658 | D:7      | Reached XP level 10. HP: 48/60 MP: 10/10
  7598 | D:9      | Found a sparkling altar of Nemelex Xobeh.
  7680 | D:9      | Reached skill level 8 in Shields
  7724 | D:9      | Found a staircase to the Orcish Mines.
  7781 | D:9      | Found Umisi's Book Shop.
  7784 | D:9      | Found Serar's Magic Scroll Emporium.
  7787 | D:9      | Noticed a two-headed ogre
  7796 | D:9      | Killed a two-headed ogre
  7796 | D:9      | Reached skill level 10 in Maces & Flails
  7806 | D:9      | Bought a scroll of enchant weapon for 97 gold pieces
  7806 | D:9      | Bought a scroll of enchant armour for 97 gold pieces
  7965 | D:9      | Noticed Erica
  7977 | D:9      | Killed Erica
  7977 | D:9      | Reached ***** piety under Okawaru
  8087 | D:9      | Found Rofoth's Distillery.
  8573 | D:9      | Found Gingepsun's General Store.
  8855 | D:10     | Entered Level 10 of the Dungeon
  8895 | D:10     | Received a gift from Okawaru
  8896 | D:10     | Got an iridescent rapier {god gift}
  8897 | D:10     | Identified the +7 rapier of Okawaru's Reproof {antimagic, *Contam rC+++ rN+ Int+3} (Okawaru gifted it to you on level 10 of the Dungeon)
  9022 | D:10     | Gained mutation: You are frail. (-10% HP) [mutagenic glow]
  9175 | D:10     | Reached XP level 11. HP: 44/60 MP: 11/11
  9192 | D:10     | Reached skill level 9 in Shields
  9422 | D:10     | Found a staircase to the Lair.
  9754 | Lair:1   | Entered Level 1 of the Lair of Beasts
 10091 | Lair:1   | HP: 2/61 [wolf (4)]
 10144 | D:10     | Received a gift from Okawaru
 10728 | Lair:1   | Found a radiant altar of Vehumet.
 10965 | Lair:1   | Reached skill level 10 in Shields
 11119 | Lair:1   | Reached XP level 12. HP: 36/68 MP: 12/12
 11385 | Lair:1   | Noticed an eight-headed hydra
 11392 | Lair:1   | Killed an eight-headed hydra
 11392 | Lair:1   | Reached ****** piety under Okawaru
 11489 | Lair:1   | Upgraded the game from 0.20-a0-1020-g7b9e4fe to 0.20-a0-1025-g4706f7e
 11612 | Lair:2   | Found a staircase to the Shoals.
 11746 | Lair:2   | Noticed Harold
 11759 | Lair:2   | Killed Harold
 12411 | Lair:3   | Found a hole to the Spider Nest.
 12463 | Lair:3   | Lost mutation: You are frail. (-10% HP) [potion of mutation]
 12463 | Lair:3   | Gained mutation: You are dopey. (Int -2) [potion of mutation]
 12463 | Lair:3   | Gained mutation: Scrolls take you a little longer to read. [potion of mutation]
 12463 | Lair:3   | Gained mutation: You are clumsy. (Dex -2) [potion of mutation]
 12463 | Lair:3   | Gained mutation: You are partially covered in thin metallic scales. (AC +2) [potion of mutation]
 12513 | Lair:3   | Received a gift from Okawaru
 12664 | Lair:3   | Identified the +1 dire flail of Moismoecs {flame, *Noise rF+ MR+++ Str+2} (Okawaru gifted it to you on level 3 of the Lair of Beasts)
 12885 | Lair:3   | Noticed a death yak
 12887 | Lair:3   | Noticed a death yak
 12888 | Lair:3   | Noticed a death yak
 12888 | Lair:3   | Noticed a death yak
 12889 | Lair:3   | Noticed a death yak
 12891 | Lair:3   | Noticed a death yak
 12912 | Lair:3   | Killed a death yak
 12912 | Lair:3   | Reached skill level 11 in Shields
 12925 | Lair:3   | Killed a death yak
 12925 | Lair:3   | Reached skill level 10 in Fighting
 12932 | Lair:3   | Killed a death yak
 12949 | Lair:3   | Killed a death yak
 12959 | Lair:3   | Killed a death yak
 12974 | Lair:3   | Killed a death yak
 13532 | Lair:4   | Reached XP level 13. HP: 83/83 MP: 13/13
 13610 | Lair:4   | Received a gift from Okawaru
 14539 | Lair:5   | Noticed Jarlath's ghost (journeyman DEIE)
 14550 | Lair:5   | Reached skill level 12 in Shields
 14563 | Lair:5   | Killed Jarlath's ghost
 14819 | Lair:5   | Found a staircase to the Slime Pits.
 15725 | Lair:6   | Entered Level 6 of the Lair of Beasts
 15734 | Lair:6   | Reached skill level 10 in Armour
 15749 | Lair:5   | Received a gift from Okawaru
 16273 | Lair:6   | Reached skill level 13 in Shields
 16322 | Lair:6   | Gained mutation: Your large and strong wings let you fly indefinitely. [Gargoyle growth]
 16322 | Lair:6   | Reached XP level 14. HP: 64/90 MP: 14/14
 17177 | Lair:6   | Noticed Nessos
 17187 | Lair:6   | Received a gift from Okawaru
 17217 | Lair:6   | Killed Nessos
 17217 | Lair:6   | Reached skill level 14 in Shields
 17972 | Lair:6   | Reached skill level 15 in Maces & Flails
 18268 | Lair:1   | Received a gift from Okawaru
 18702 | D:11     | Noticed Urug
 18721 | D:11     | Killed Urug
 18956 | D:12     | Noticed Azrael
 18978 | D:12     | Killed Azrael
 19295 | D:12     | Reached XP level 15. HP: 97/97 MP: 15/15
 19891 | D:13     | Reached skill level 15 in Shields
 19945 | D:13     | Found a gate to the Vaults.
 20375 | D:14     | Noticed Agnes
 20389 | D:14     | Killed Agnes
 20542 | D:14     | Received a gift from Okawaru
 20574 | D:14     | Got a transparent crystal plate armour {god gift}
 20585 | D:14     | Identified the +1 crystal plate armour of the Wasteland {Str+4 Dex+3} (Okawaru gifted it to you on level 14 of the Dungeon)
 21030 | D:15     | Entered Level 15 of the Dungeon
 22018 | D:15     | Found a staircase to the Depths.
 22221 | Orc:1    | Entered Level 1 of the Orcish Mines
 22699 | Orc:2    | Entered Level 2 of the Orcish Mines
 22699 | Orc:2    | Found a radiant altar of Vehumet.
 22714 | Orc:2    | Found a staircase to the Elven Halls.
 22968 | Orc:2    | Found Fallakluru's Armour Emporium.
 22991 | Orc:2    | Reached skill level 16 in Shields
 23014 | Orc:2    | Reached XP level 16. HP: 25/106 MP: 16/16
 23077 | Orc:2    | Killed from afar by a smoke demon

Vault maps used:
D:1:      saegor_arrival_fortress, serial_park_tiny_1
D:2:      first_bread
D:3:      minmay_gold_behind_fungi
D:4:      minmay_temple_entry_butterflies
D:5:      hangedman_decor_growths, corexii_leaking_fountain, fountainhead,
          minmay_misc_feat_tower, uniq_duvessa
D:6:      corexii_shantytown, kennysheep_small_square, uniq_sigmund,
          uniq_menkaure
D:7:      grunt_temple_overflow_open, uniq_joseph
D:9:      hiddenorc1_lemuel, serial_shops, shop_fountains, nicolae_shop_crystal,
          shop, nicolae_shop_trees, nemelex_spade_bored_becter, uniq_erica
D:10:     david_lair_shrubbed
D:11:     uniq_urug
D:12:     uniq_azrael
D:13:     erik_vaults_1
D:14:     small_statue_intersection, hangedman_stone_soup, uniq_agnes
D:15:     grunt_enter_depths_snipers, nicolae_twisting_strands
Temple:   compressed_dpeg_circular_temple
Lair:1:   basic_altar, st_stairs_9, serial_bayou_crossing,
          infiniplex_staircase_pool
Lair:2:   minmay_shoals_entry_lonely_mermaid, uniq_harold
Lair:3:   nicolae_spider_entry_non_spiders
Lair:4:   beast_lair_carwin_10, grunt_megastairs_5
Lair:5:   minmay_slime_entry_jelly_boxes, grunt_megastairs_2
Lair:6:   hangedman_lair_caniforms_friends, hangedman_lair_tendril_chambers,
          uniq_nessos
Orc:1:    basic_altar, nicolae_orc_bridge_out
Orc:2:    st_orc_elflike, basic_altar

Skill      XL: |  1  2  3  4  5  6  7  8  9 10 11 12 13 14 15 |
---------------+----------------------------------------------+-----
Maces & Flails | 3 4 5 6 7 9 11 12 13 14 15 | 15.7
Shields        | 4 5 6 7 8 10 11 13 14 16 | 16.0
Dodging        | 1 2 3 |  3.6
Fighting       | 4 5 6 7 9 10 11 12 14 | 14.1
Armour         | 4 5 6 7 8 9 10 11 12 | 12.1
Stealth        | 1 2 |  2.9
Short Blades   | |  0.1

Action                   |  1- 3 |  4- 6 |  7- 9 | 10-12 | 13-15 | 16-18 || total
-------------------------+-------+-------+-------+-------+-------+-------++-------
Melee: Flail             |   137 |   204 |   338 |   889 |   939 |       ||  2507
       Rapier            |       |       |       |    11 |       |       ||    11
       Demon whip        |       |       |       |       |   866 |    40 ||   906
Invok: Heroism           |       |       |       |       |     1 |       ||     1
 Abil: Fly               |       |       |       |       |     1 |       ||     1
Evoke: Wand              |       |     1 |       |       |       |       ||     1
  Use: Scroll            |     4 |    10 |       |    13 |     8 |       ||    35
       Potion            |     2 |     3 |     5 |     7 |     2 |     5 ||    24
 Stab: Petrified         |       |       |       |       |     3 |       ||     3
       Petrifying        |       |       |       |       |     1 |       ||     1
  Eat: Chunk             |     1 |     8 |    11 |    22 |    33 |       ||    75
Armor: Scale mail        |   107 |    98 |    10 |       |       |       ||   215
       Chain mail        |       |       |   161 |       |       |       ||   161
       Plate armour      |       |       |     9 |   499 |   849 |       ||  1357
       Skin              |       |       |     6 |       |       |       ||     6
       Crystal plate arm |       |       |       |       |   138 |     9 ||   147
Dodge: Dodged            |    57 |    62 |    71 |   172 |   507 |     4 ||   873
Block: Shield            |    83 |   103 |   172 |   448 |  1141 |    15 ||  1962
